 Dungeon Crawl Stone Soup version 0.27-a0-592-g0306a34022 (webtiles) character file.

Game seed: 4949440087169574239

4367 siradein the Geomancer (level 10, -4/59 HPs)
             Began as a Gargoyle Earth Elementalist on Mar 11, 2021.
             Was a Follower of Vehumet.
             Slain by a troll (11 damage)
             ... on level 9 of the Dungeon.
             The game lasted 00:37:44 (8398 turns).

siradein the Geomancer (GrEE)                       Turns: 8398, Time: 00:37:45

Health: -4/59      AC: 15    Str: 13    XL:     10   Next: 34%
Magic:  6/17       EV: 11    Int: 18    God:    Vehumet [*.....]
Gold:   519        SH:  0    Dex: 10    Spells: 3/18 levels left

rFire    . . .     SeeInvis +   v - +2 mace (holy)
rCold    . . .     Faith    .   (no shield)
rNeg     + . .     Spirit   .   y - +0 leather armour
rPois    ∞         Reflect  .   (no helmet)
rElec    +         Harm     .   t - +0 cloak
rCorr    .         Rampage  .   o - +1 pair of gloves
Will     .....                  h - +1 pair of boots {Stlth+}
Stlth    +++.......             s - amulet of regeneration
HPRegen  1.19/turn              d - ring of see invisible
MPRegen  0.15/turn              (no ring)

@: about to teleport, slowed, very slow
A: negative energy resistance 1, electricity resistance, torment resistance 1,
unbreathing 1, petrification resistance, AC +7
a: Renounce Religion


You were on level 9 of the Dungeon.
You worshipped Vehumet.
Vehumet was aware of your devotion.
You visited 2 branches of the dungeon, and saw 10 of its levels.
You also visited: Ossuary.

You collected 519 gold pieces.

Inventory:

Hand Weapons
 n - a +2 dagger of freezing
 v - a +2 mace of holy wrath (weapon)
Missiles
 b - 206 stones
 j - a throwing net
 r - 5 poisoned darts
 u - 2 atropa-tipped darts
Armour
 h - a +1 pair of boots of stealth (worn)
 o - a +1 pair of gloves (worn)
 t - a +0 cloak (worn)
 y - a +0 leather armour (worn)
Jewellery
 d - a ring of see invisible (right hand)
 s - an amulet of regeneration (around neck)
Wands
 c - a wand of mindburst (10)
 m - a wand of paralysis (2)
Scrolls
 e - 7 scrolls of teleportation
 g - 2 scrolls of magic mapping {unknown}
 k - a scroll of enchant armour {unknown}
 l - 2 scrolls of blinking {unknown}
 w - 3 scrolls of enchant weapon {unknown}
 A - 2 scrolls of random uselessness {unknown}
 B - a scroll of noise {unknown}
 C - 2 scrolls of immolation {unknown}
 F - 2 scrolls of fear {unknown}
 G - a scroll of fog {unknown}
Potions
 a - 3 potions of invisibility
 f - 5 potions of heal wounds
 i - 4 potions of curing
 p - a potion of brilliance {unknown}
 q - 3 potions of flight
 x - 2 potions of magic
 z - 3 potions of lignification
 D - 2 potions of might
 E - 2 potions of berserk rage


   Skills:
 + Level 5.2 Fighting
 + Level 4.7 Maces & Flails
 - Level 1.5 Dodging
 - Level 2.1 Stealth
 + Level 4.9 Spellcasting
 - Level 0.7 Transmutations
 + Level 14.1 Earth Magic


You had 3 spell levels left.
You knew the following spells:

 Your Spells              Type           Power      Damage    Failure   Level
a - Sandblast             Erth           100%       2d20      1%          1
b - Stone Arrow           Conj/Erth      58%        3d10      2%          3
c - Lee's Rapid Deconstr  Erth           26%        3d15*     1%          5
d - Petrify               Tmut/Erth      31%        N/A       9%          4
e - Passwall              Tmut/Erth      25%        N/A       1%          2

Your spell library contained the following spells:

 Spells                   Type           Power      Damage    Failure   Level
 Freeze                   Ice            16%        1d4       17%         1


Dungeon Overview and Level Annotations

Branches:
Dungeon (9/15)             Temple (1/1) D:6         Ossuary (visited)
   Lair: D:8-11         Orc: D:9-12

Altars:
Ashenzari
Cheibriados
Elyvilon
Kikubaaqudgha
Makhleb
Trog
Vehumet
Yredelemnul
Zin

Annotations:
D:8 3 runed translucent doors, Harold; jestyr24's ghost, novice MiFi


Innate Abilities, Weirdness & Mutations

Your stone body is resilient. (AC +7)
You are immune to poison.
You resist negative energy. (rN+)
You are resistant to electric shocks. (rElec)
You are resistant to unholy torment.
You can survive without breathing.
You are immune to petrification.


Message History

The wyvern barely misses you. x2
Aiming: Sandblast (safe; 1% risk of failure)
Press: ? - help, Q - select action, (/) - cycle Shift-Dir - straight line, f/p - wyvern
Aim: a wyvern (severely wounded, 16% to evade)
The blast of sand hits the wyvern!
You kill the wyvern!
Vehumet accepts your kill.
A wraith comes into view.
You barely miss the troll. The troll bites you. The troll barely misses you.
The troll claws you.
You sock the wraith!
The wraith convulses!
The wraith is heavily damaged.
The troll completely misses you. The troll claws you!
The troll closely misses you. The wraith hits you.
You hit the wraith.
The wraith convulses.
The wraith is heavily damaged.
An orc comes into view. It is wielding a +0 club.
The troll closely misses you. x2; The troll claws you but does no damage.
The wraith misses you.
You hit the wraith.
The wraith convulses.
The wraith is heavily damaged.
The troll bites you. The troll barely misses you. The troll claws you.
The wraith hits you! The wraith drains your vigour!
You feel yourself slow down.
You closely miss the wraith.
The wraith is heavily damaged.
The troll closely misses you. The troll barely misses you. The troll claws you!
* * * LOW HITPOINT WARNING * * *
The wraith hits you.
* * * LOW HITPOINT WARNING * * *
The wraith drains your vigour!
You feel as though you will be slow longer.
The troll barely misses you. The troll claws you.
* * * LOW HITPOINT WARNING * * *
The troll claws you.
* * * LOW HITPOINT WARNING * * *
The wraith barely misses you.
As you read the scroll of teleportation, it crumbles to dust.
You feel strangely unstable. The troll bites you!
You die...

#.........>.####
##......#...#
#+###.........#.##
.................####
..#..................
###.#####.......#######
..................
###.#####).########
#.oW@T†......#
#.##########.#


You could see a troll, a wraith and an orc.

Vanquished Creatures
  A two-headed ogre (D:9)
  An ugly thing (D:6)
  Prince Ribbit (D:6)
  A wraith (Ossuary)
  A wyvern (D:9)
  A steam dragon (D:8)
  An orc warrior (D:7)
  2 sky beasts
  A black bear (D:8)
  4 ogres
  5 centaurs
  A phantom (D:5)
  5 killer bees (D:7)
  3 electric eels (D:6)
  A crimson imp (D:8)
  A bullfrog zombie (D:9)
  2 hounds
  A centaur zombie (D:5)
  3 orc priests
  3 jellies
  2 gnoll shamans
  2 bullfrog skeletons
  2 iguanas
  Natasha (thrice) (D:3)
  4 orc wizards
  6 worker ants
  A mummy (Ossuary)
  2 worker ant zombies
  17 gnolls
  11 adders
  A white imp (D:8)
  2 ufetubi
  An ooze (D:3)
  A worm (D:2)
  2 dart slugs
  2 leopard geckos (D:4)
  23 orcs
  2 ball pythons
  A bat (D:1)
  6 giant cockroaches
  13 goblins
  4 hobgoblins
  7 jackals
  4 quokkas
  3 frilled lizards
  10 gnoll skeletons (Ossuary)
  5 kobolds
  5 kobold skeletons (Ossuary)
  10 orc skeletons (Ossuary)
  5 rats
196 creatures vanquished.

Vanquished Creatures (others)
  2 withered plants (D:7)
2 creatures vanquished.

Grand Total: 198 creatures vanquished

Notes
Turn   | Place    | Note
-------+----------+-------------------------------------------
     0 | D:1      | siradein the Gargoyle Earth Elementalist began the quest
                  | for the Orb.
     0 | D:1      | Reached XP level 1. HP: 10/10 MP: 3/3
   189 | D:1      | Reached skill level 4 in Earth Magic
   231 | D:1      | Reached XP level 2. HP: 14/15 MP: 0/5
  1225 | D:2      | Reached skill level 5 in Earth Magic
  1225 | D:2      | Reached XP level 3. HP: 19/19 MP: 3/6
  1232 | D:2      | Learned a level 3 spell: Stone Arrow
  1326 | D:2      | Reached XP level 4. HP: 18/24 MP: 7/7
  1329 | D:2      | Reached skill level 6 in Earth Magic
  2069 | D:2      | Found a white marble altar of Elyvilon.
  2140 | D:2      | Reached XP level 5. HP: 28/28 MP: 8/8
  2794 | D:3      | Reached skill level 7 in Earth Magic
  2996 | D:3      | Found a faded altar of an unknown god.
  3192 | D:3      | Noticed Natasha
  3198 | D:3      | Killed Natasha
  3335 | D:3      | Noticed Natasha
  3346 | D:3      | Killed Natasha
  3511 | D:3      | Noticed Natasha
  3517 | D:3      | Killed Natasha
  3518 | D:3      | Reached XP level 6. HP: 32/32 MP: 6/9
  3602 | D:4      | You fall into a shaft and drop 1 floor!
  3602 | D:5      | Entered Level 5 of the Dungeon
  3625 | D:5      | Reached skill level 8 in Earth Magic
  3871 | D:4      | Identified the +5 dagger "Timobb" {drain, MP-9 Str+5 Dex+5}
  3873 | D:4      | Reached skill level 9 in Earth Magic
  3893 | D:4      | Learned a level 5 spell: Lee's Rapid Deconstruction
  3978 | D:4      | Found an ancient bone altar of Kikubaaqudgha.
  4074 | D:4      | Found a bloodstained altar of Trog.
  4176 | D:4      | Reached XP level 7. HP: 36/36 MP: 7/10
  4649 | D:5      | Reached skill level 10 in Earth Magic
  4888 | D:5      | Reached skill level 11 in Earth Magic
  4888 | D:5      | Reached XP level 8. HP: 37/41 MP: 9/11
  5216 | D:5      | Reached skill level 12 in Earth Magic
  5674 | D:6      | Reached skill level 13 in Earth Magic
  5762 | D:6      | Noticed Prince Ribbit
  5769 | D:6      | Killed Prince Ribbit
  5770 | D:6      | Reached skill level 1 in Fighting
  5770 | D:6      | Reached skill level 1 in Maces & Flails
  5770 | D:6      | Reached XP level 9. HP: 47/47 MP: 4/12
  5780 | D:6      | Noticed a white ugly thing
  5815 | D:6      | Killed a white ugly thing
  5927 | D:6      | Found a staircase to the Ecumenical Temple.
  6052 | D:6      | Found a broken altar of Ashenzari.
  6240 | D:6      | Learned a level 4 spell: Petrify
  6644 | D:7      | Found a glowing silver altar of Zin.
  7226 | D:7      | Learned a level 2 spell: Passwall
  7250 | Temple   | Entered the Ecumenical Temple
  7331 | Temple   | Became a worshipper of Vehumet
  7481 | D:8      | Found a sand-covered staircase.
  7490 | Ossuary  | Entered an ossuary
  7709 | Ossuary  | Reached * piety under Vehumet
  7709 | Ossuary  | Offered knowledge of Freeze by Vehumet.
  7889 | D:8      | Reached XP level 10. HP: 57/57 MP: 16/16
  7994 | D:8      | Found a burning altar of Makhleb.
  8066 | D:8      | Found a runed translucent gate.
  8068 | D:8      | Found a runed translucent gate.
  8068 | D:8      | Noticed jestyr24's ghost (novice MiFi)
  8069 | D:8      | Found a runed translucent gate.
  8069 | D:8      | Identified the +12 whip of Hubris {venom, *Drain rElec
                  | rPois Str+7}
  8070 | D:8      | Noticed a kobold demonologist
  8219 | D:8      | Noticed Harold
  8378 | D:9      | Noticed a two-headed ogre
  8384 | D:9      | Killed a two-headed ogre
  8385 | D:9      | Reached skill level 5 in Fighting
  8385 | D:9      | Reached skill level 14 in Earth Magic
  8398 | D:9      | Slain by a troll

Illustrated notes

Levels and vault maps discovered:
D:1:      dpeg_arrival_fog, layout_basic, minmay_misc_feat_tower
D:2:      layout_loops_ring, elyvilon_altar_1, kennysheep_path_1
D:3:      layout_basic, chequers_ecumenical_altar_grove, uniq_natasha
D:4:      layout_basic, overflow_temple_1_default, lemuel_coloured_pillars_altar
D:5:      layout_rooms
D:6:      layout_basic, kennysheep_mini_moat, minmay_temple_entry_from_below_a,
          minivault_14, minivault_23, uniq_prince_ribbit1
D:7:      layout_gridville, zin_statuary, yredelemnul_altar_generic
D:8:      layout_basic, makhleb_grotto_becter, nicolae_uskayaw_dance_studio,
          nicolae_ossuary_entry_monument, gammafunk_ghost_nasty_kobolds,
          uniq_harold
D:9:      layout_basic, tso_oasis_becter, gammafunk_temple_overflow_statue,
          minmay_lair_entry_grove, zombieorc2_lemuel, basic_altar, serial_shops,
          shop_fountains, minmay_misc_feat_square, dk_noncrumbling_2,
          uniq_joseph
Temple:   minmay_temple_forest_path

Skill      XL: |  1  2  3  4  5  6  7  8  9 10 |
---------------+-------------------------------+-----
Earth Magic    | 4 5 6 7 9 11 13 14 | 14.1
Fighting       | 1 4 5 |  5.2
Maces & Flails | 1 3 4 |  4.7
Spellcasting   | 4 |  4.9
Dodging        | |  1.5
Stealth        | |  2.1
Transmutations | |  0.7

Action                   |  1- 3 |  4- 6 |  7- 9 | 10-12 || total
-------------------------+-------+-------+-------+-------++-------
Melee: Unarmed           |    16 |       |       |       ||    16
       Hand axe          |    17 |       |       |       ||    17
       Mace              |    16 |   193 |   197 |    41 ||   447
       Dagger            |       |    32 |   202 |       ||   234
       Flail             |       |     7 |       |       ||     7
 Cast: Sandblast         |    15 |    25 |    45 |     9 ||    94
       Lee's Rapid Decon |       |       |     6 |     4 ||    10
       Stone Arrow       |       |       |       |     2 ||     2
  Use: Scroll            |       |     1 |     9 |     1 ||    11
 Stab: Sleeping          |     1 |     4 |     4 |       ||     9
Armor: Robe              |    25 |   136 |       |       ||   161
       Leather armour    |       |       |   217 |    23 ||   240
Dodge: Dodged            |    32 |   187 |   276 |    48 ||   543

Table legend: (Time is in decaauts)
 A = Elapsed time spent in this place.
 B = Non-inter-level travel time spent in this place.
 C = Inter-level travel time spent in this place.
 D = Time resting spent in this place.
 E = Time spent auto-exploring this place.
 F = Levels seen in this place.
 G = Mean time per level.
                   A        B        C        D        E       F      G
               +--------+--------+--------+--------+--------+-----+--------+
         Total |   8582 |   8408 |    174 |     92 |   5591 |  11 |  780.2 |
       Dungeon |   8197 |   8047 |    150 |     92 |   5416 |   9 |  910.8 |
        Temple |    105 |     81 |     24 |      0 |     71 |   1 |  105.0 |
       Ossuary |    279 |    279 |      0 |      0 |    104 |   1 |  279.0 |
               +--------+--------+--------+--------+--------+-----+--------+

Top non-repeatable levels by time:
     D:2: 1340 daAuts
     D:1: 1175 daAuts
     D:3: 1156 daAuts
     D:7: 1128 daAuts
     D:6: 946 daAuts
     D:4: 898 daAuts
     D:5: 864 daAuts
     D:8: 626 daAuts
 Ossuary: 279 daAuts
  Temple: 105 daAuts
     D:9: 60 daAuts
